 Dungeon Crawl Stone Soup version 0.17.0-26-gececa24 (webtiles) character file.

0 shklvsk the Vexing (level 1, 0/16 HPs)
             Began as a Mummy Wanderer on Nov 20, 2015.
             Slain by a giant gecko (4 damage)
             ... on level 1 of the Dungeon.
             The game lasted 00:00:33 (93 turns).

shklvsk the Vexing (Mummy Wanderer)                   Turns: 93, Time: 00:00:33

Health: 0/16       AC:  2    Str: 15    XL:     1   Next: 8%
Magic:  2/2        EV: 11    Int: 10    God:
Gold:   0          SH:  0    Dex: 12    Spells: 0 memorised, 2 levels left

rFire  x . .     SeeInvis .     b - +0 spear
rCold  + . .     Clarity  .     c - +0 robe
rNeg   + + +     SustAt   .     (no shield)
rPois  ∞         Gourm    .     (no helmet)
rElec  .         Spirit   .     (no cloak)
rCorr  .         Warding  .     (no gloves)
rMut   .         Stasis   .     (no boots)
MR     .....                    (no amulet)
Stlth  ++........               (no ring)
                                (no ring)

@: not resistant to hostile enchantments, unstealthy
A: no food or potions, fire vulnerability, cold resistance 1, negative energy
resistance 3, torment resistance, unbreathing
a: no special abilities


You were on level 1 of the Dungeon.
You were not hungry.

You visited 1 branch of the dungeon, and saw 1 of its levels.

Inventory:

Hand Weapons
 b - a +0 spear (weapon)
 d - a +0 dagger
Armour
 c - a +0 robe (worn)
Books
 a - a book of Frost


   Skills:
 - Level 2.0 Fighting
 * Level 0.0 Polearms
 + Level 0.0 Dodging
 * Level 1.6 Stealth
   Level 1.0 Shields
 - Level 1.0 Spellcasting
   Level 2.6 Hexes
   Level 1.0 Ice Magic


You had 2 spell levels left.
You didn't know any spells.

Dungeon Overview and Level Annotations

Branches:
Dungeon (1/15)

Altars:


Innate Abilities, Weirdness & Mutations

You do not eat or drink.
Your flesh is vulnerable to fire.
You are immune to poison.
Your flesh is cold resistant.
You are immune to negative energy.
You are immune to unholy pain and torment.
You can survive without breathing.


Message History

Welcome, shklvsk the Mummy Wanderer.
The bosom of this dungeon contains the fabled artefact, the Orb of Zot.
Found a yellow potion.
Found a staircase leading out of the dungeon.
A bat comes into view.
You enter the shallow water.
Moving in this stuff is going to be slow.
The bat hits you.
You take 1 damage, and have 15/16 hp.
The bat hits you but does no damage. The bat barely misses you.
Attack whom?
Aim: a bat You reach to attack!
You barely miss the bat. The bat hits you but does no damage.
You hit the bat. The bat barely misses you. The bat closely misses you.
You barely miss the bat. The bat hits you.
You take 1 damage, and have 14/16 hp.
You closely miss the bat. The bat hits you but does no damage.
The bat hits you but does no damage.
Attack whom?
Aim: a bat You reach to attack!
You hit the bat. The bat hits you. The bat hits you but does no damage.
You take 1 damage, and have 13/16 hp.
You barely miss the bat. The bat barely misses you. The bat closely misses you.
You closely miss the bat. The bat barely misses you.
The bat hits you but does no damage.
Attack whom?
Aim: a bat (severely wounded)
You reach to attack!
You hit the bat.
You kill the bat!
No target in view!
No target in view!
You start resting.
Health restored: 16
Found a stone staircase leading down.
There is a stone staircase leading down here.
You enter the shallow water.
Moving in this stuff is going to be slow.
You enter the shallow water.
Moving in this stuff is going to be slow.
A giant gecko comes into view.
You hit the giant gecko.
The giant gecko bites you but does no damage.
You barely miss the giant gecko. The giant gecko bites you.
The giant gecko barely misses you.
You take 3 damage, and have 13/16 hp.
You miss the giant gecko. The giant gecko bites you.
You take 2 damage, and have 11/16 hp.
You barely miss the giant gecko. The giant gecko bites you.
You take 1 damage, and have 10/16 hp.
You completely miss the giant gecko. The giant gecko barely misses you.
The giant gecko bites you.
You take 1 damage, and have 9/16 hp.
You are too injured to fight recklessly!
You miss the giant gecko. The giant gecko bites you.
You take 2 damage, and have 7/16 hp.
You completely miss the giant gecko. The giant gecko misses you.
You barely miss the giant gecko. The giant gecko barely misses you.
The giant gecko barely misses you.
You closely miss the giant gecko. The giant gecko misses you.
You closely miss the giant gecko.
The giant gecko bites you but does no damage.
You hit the giant gecko but do no damage.
The giant gecko bites you.
* * * LOW HITPOINT WARNING * * *
You take 3 damage, and have 4/16 hp.
You completely miss the giant gecko. The giant gecko bites you.
You die...

#####≈.......≈.#.##
....#≈♣≈.....≈♣≈...#
....≈♣⌠♣≈≈≈≈≈♣⌠♣≈#.#
.....≈♣.......♣≈.#.#
#.....≈...<...≈....#
#....≈P.......♣≈.†.#
...≈P⌠P≈≈≈≈≈♣⌠♣≈..#
...#≈P≈.##..≈♣≈...#
.. ##≈@.##...≈#.#.#
......l....#.....#.#
.........#.......#..
.....##..............
..... ....###......
.... ..... . ###
#..#... #.......


You could see a giant gecko.

Vanquished Creatures
  A bat (D:1)
1 creature vanquished.

Notes
Turn   | Place    | Note
--------------------------------------------------------------
     0 | D:1      | shklvsk the Mummy Wanderer began the quest for the Orb.
     0 | D:1      | shklvsk set off with: a book of Frost, a +0 spear, a +0 robe, a +0 dagger
     0 | D:1      | Reached XP level 1. HP: 16/16 MP: 2/2
    92 | D:1      | HP: 4/16 [giant gecko (3)]
    93 | D:1      | Slain by a giant gecko

Action                   || total
-------------------------++-------
Melee: Spear             ||    20

Vault maps used:
D:1:      ldierk_water_garden

Table legend:
 A = Turns spent in this place as a percentage of turns spent in the entire game.
 B = Non-inter-level travel turns spent in this place as a percentage of non-inter-level travel turns spent in the entire game.
 C = Inter-level travel turns spent in this place as a percentage of turns spent in this place.
 D = Turns resting spent in this place as a percentage of non-inter-level travel turns spent in this place.
 E = Turns spent auto-exploring this place as a percentage of non-inter-level travel turns spent in this place.
 F = Non-inter-level travel turns spent in this place divided by the number of levels of this place that you've seen.
                   A       B       C       D       E      F
               +-------+-------+-------+-------+-------+----------------------
         Total | 100.0 | 100.0 |   0.0 |   5.1 |   7.7 |  39.0
       Dungeon | 100.0 | 100.0 |   0.0 |   5.1 |   7.7 |  39.0
               +-------+-------+-------+-------+-------+----------------------

Table legend:
 A = Kills in this place as a percentage of kills in entire the game.
 B = Kills by you in this place as a percentage of kills by you in the entire game.
 C = Kills by friends in this place as a percentage of kills by friends in the entire game.
 D = Other kills in this place as a percentage of other kills in the entire game.
 E = Experience gained in this place as a percentage of experience gained in the entire game.
 F = Experience gained in this place divided by the number of levels of this place that you have seen.
                   A       B       C       D       E      F
               +-------+-------+-------+-------+-------+----------------------
         Total | 100.0 | 100.0 |  -nan |  -nan | 100.0 |   1.0
       Dungeon | 100.0 | 100.0 |  -nan |  -nan | 100.0 |   1.0
               +-------+-------+-------+-------+-------+----------------------
